Construct Section Command Post
Construct Platoon Command Post
Construct Field Infirmary
Selects Heavy Armor Battlegroup
Selects Rigorous Vehicle Training
Selects Light Vehicle Withdraw and Refit
Unlock M3 Stuart Light Tanks
Light Vehicle Withdraw and Refit
6-pounder Anti-tank Gun Team
Selects Designate Targets
Unlock Bishop Self-propelled Artillery
Light Vehicle Withdraw and Refit
Selects Forward Repair Assembly
Selects UNKNOWN (2162094)
Bishop Self-propelled Artillery
Light Vehicle Withdraw and Refit
Bishop Self-propelled Artillery
Bishop Self-propelled Artillery
6-pounder Anti-tank Gun Team
6-pounder Anti-tank Gun Team
Bishop Self-propelled Artillery
Construct Company Command Post
Bishop Self-propelled Artillery
Bishop Self-propelled Artillery